 Dungeon Crawl Stone Soup version 0.26-a0-663-g36e8fdb655 (webtiles) character file.

Game seed: 7654068829482120012

24792 rogsnak the Destroyer (level 13, -1/93 HPs)
             Began as a Barachi Fire Elementalist on Oct 10, 2020.
             Was an Elder of Sif Muna.
             Slain by a swamp worm (7 damage)
             ... on level 14 of the Dungeon on Oct 11, 2020.
             The game lasted 01:00:49 (15941 turns).

rogsnak the Destroyer (Barachi Fire Elementalist)  Turns: 15941, Time: 01:00:50

Health: -1/93      AC:  9    Str:  9    XL:     13   Next: 15%
Magic:  2/27       EV: 17    Int: 26    God:    Sif Muna [****..]
Gold:   1043       SH:  3    Dex: 13    Spells: 23/33 levels left

rFire    + . .     SeeInvis .   N - +7 Singing Sword {vorpal, sonic wave}
rCold    x . .     Faith    .   k - +0 buckler
rNeg     . . .     Spirit   .   G - +2 leather armour {rPois}
rPois    +         Reflect  .   P - +2 hat {Int+3}
rElec    +         Harm     .   R - +0 cloak
rCorr    .         Rampage  .   (no gloves)
MR       .....                  F - +0 pair of boots
Stlth    ++........             O - amulet of regeneration
HPRegen  0.65/turn              V - ring "Heqiall" {*Slow rElec EV+4 Int+2}
MPRegen  0.20/turn              I - ring of fire

@: slow
A: +LOS, swims, slowness 1, strong legs 2
a: Hop, Channel Magic, Forget Spell, Divine Exegesis, Renounce Religion


You were on level 14 of the Dungeon.
You worshipped Sif Muna.
Sif Muna was greatly pleased with you.
You visited 1 branch of the dungeon, and saw 14 of its levels.

You collected 1043 gold pieces.

Inventory:

Hand Weapons
 M - a +4 shortbow
 N - the +7 Singing Sword (weapon) {vorpal, sonic wave}
   (You found it on level 6 of the Dungeon)

   It inflicts extra damage upon your enemies.
Missiles
 b - 217 arrows
 l - a throwing net (quivered)
 y - 41 poisoned darts
 Y - 5 datura-tipped darts
Armour
 d - a +2 robe of positive energy
 k - a +0 buckler (worn)
 B - a +3 leather armour of cold resistance
 F - a +0 pair of boots (worn)
 G - a +2 leather armour of poison resistance (worn)
 K - a +0 robe of fire resistance
 P - a +2 hat of intelligence (worn)
 R - a +0 cloak (worn)
Magical Staves
 c - an uncursed staff of conjuration
 H - an uncursed staff of earth
 X - an uncursed staff of cold
Jewellery
 n - the ring of Pyarump {rElec Dex+6}
   (You acquired it on level 9 of the Dungeon)

   [ring of dexterity]

   It affects your dexterity (+6).
   It insulates you from electricity.
 I - a ring of fire (right hand)
 J - an uncursed ring of ice
 O - an amulet of regeneration (around neck)
 V - the ring "Heqiall" (left hand) {*Slow rElec EV+4 Int+2}
   (You found it on level 14 of the Dungeon)

   [ring of evasion]

   It affects your evasion (+4).
   It affects your intelligence (+2).
   It insulates you from electricity.
   It may slow you when you take damage.
Wands
 a - a wand of acid (11)
 o - a wand of enslavement (4)
 p - a wand of iceblast (10)
 S - a wand of random effects (49)
 W - a wand of polymorph (11)
 Z - a wand of flame (41)
Scrolls
 e - 3 scrolls of enchant armour {unknown}
 f - 6 scrolls of remove curse
 g - 3 scrolls of identify
 q - 2 scrolls of enchant weapon {unknown}
 r - 5 scrolls of fear {unknown}
 s - 3 scrolls of teleportation
 t - 2 scrolls of fog {unknown}
 u - 3 scrolls of immolation {unknown}
 C - 2 scrolls of amnesia {unknown}
 T - a scroll of summoning {unknown}
 U - 2 scrolls of magic mapping
Potions
 h - 2 potions of mutation {unknown}
 i - a potion of berserk rage
 j - 2 potions of degeneration {unknown}
 m - 4 potions of heal wounds {unknown}
 v - a potion of resistance
 w - a potion of lignification
 z - 3 potions of haste {unknown}
 A - 7 potions of curing {unknown}
 D - 2 potions of brilliance {unknown}
 E - a potion of might
 L - 3 potions of stabbing {unknown}
 Q - 2 potions of cancellation


   Skills:
 + Level 5.6 Fighting
 + Level 7.2 Long Blades
 + Level 4.3 Armour
 + Level 5.4 Dodging
 - Level 2.0 Stealth
 + Level 0.7 Shields
 + Level 10.9 Spellcasting
 * Level 13.9 Conjurations
 + Level 11.0 Fire Magic
 + Level 1.9 Evocations


You had 23 spell levels left.
You knew the following spells:

 Your Spells              Type           Power        Failure   Level
a - Foxfire               Conj/Fire      ####         1%          1
b - Sticky Flame          Conj/Fire      #######.     1%          4
c - Fireball              Conj/Fire      #######...   1%          5

Your spell library contained the following spells:

 Spells                   Type           Power        Failure   Level
 Shock                    Conj/Air       ####         1%          1
 Conjure Flame            Conj/Fire      #######.     1%          3
 Inner Flame              Hex/Fire       ######..     2%          3
 Mephitic Cloud           Conj/Pois/Air  #####...     3%          3
 Animate Skeleton         Necr           ##....       9%          1
 Apportation              Tloc           ##....       9%          1
 Corona                   Hex            ##.....      9%          1
 Summon Small Mammal      Summ           ##..         9%          1
 Silence                  Hex/Air        ##........   94%         5
 Summon Demon             Summ           ##........   94%         5
 Spellforged Servitor     Conj/Summ      ######....   99%         7


Dungeon Overview and Level Annotations

Branches:
Dungeon (15/15)            Temple (0/1) D:7            Lair (0/6) D:8
    Orc (0/2) D:11
 Vaults: D:13-14     Depths: D:15

Altars:
Ashenzari
Dithmenos
Elyvilon
Hepliaklqana
Nemelex Xobeh
Qazlal
Sif Muna
Trog
Vehumet
Wu Jian
Xom
Yredelemnul
Zin
The Shining One

Shops:
D:11 [(   D:14 [

Portals:
Abyss: D:7

Annotations:
D:7 2 transporters, Ludicrosity's ghost, novice DEIE


Innate Abilities, Weirdness & Mutations

You can be seen from farther away. (+LOS)
You can swim through water.
You cover ground slowly.
You can hop long distances.


Message History

The swamp worm burns!
The swamp worm bites you! x2; The swamp worm bites you!!
Unknown command.
You slash the swamp worm!
The swamp worm is almost dead.
The swamp worm burns!
The swamp worm bites you!
* * * LOW HITPOINT WARNING * * *
The swamp worm completely misses you.
You riposte.
You slash the swamp worm!
The Singing Sword wails, "I am too young to rust!"
You send a blast of sound all around you.
The swamp worm is blasted.
The swamp worm is heavily wounded.
You kill the swamp worm!
Sif Muna accepts your kill.
Unknown command.
You closely miss the swamp worm.
The swamp worm is heavily wounded.
The swamp worm bites you!
* * * LOW HITPOINT WARNING * * *
The swamp worm bites you!
You die...

##.≈≈#≈≈≈#≈≈.###..........#####
#.≈≈≈≈≈≈≈≈≈≈..##..........#
#..≈≈≈≈>≈≈≈≈≈.##..........#####
#.≈s≈≈≈≈≈≈≈≈..##w..............
....≈#≈≈≈#≈≈...................
.#..≈≈≈≈≈≈≈..............######
##..≈≈≈≈≈≈...########...#
##..........########...######
###...##..w@................
...........................
#...######.##.#######...... #...#
#..### #..#### #...# ###. #..#
..#####...# # #..#
..........######### ######..####
.................^# ##...........
#######...........###............


You could see a swamp worm.

Vanquished Creatures
  Gastronok (D:11)
  Snorg (D:12)
  Erolcha (D:9)
  4 two-headed ogres
  2 unseen horrors
  An ugly thing (D:11)
  An orc knight (D:10)
  2 deep elf magi
  A cyclops (D:11)
  A manticore (D:14)
  Joseph (D:9)
  3 gargoyles
  A torpor snail (D:14)
  2 demonic crawlers (D:14)
  2 komodo dragons (D:8)
  A tyrant leech (D:14)
  2 meliai
  5 trolls
  A hornet (D:10)
  Sigmund (D:3)
  A wraith (D:14)
  A wyvern (D:8)
  18 yaks
  2 vampire mosquitoes (D:12)
  A basilisk (D:12)
  2 swamp worms (D:14)
  2 water moccasins
  A soldier ant (D:14)
  4 black bears
  11 orc warriors
  3 ice beasts
  7 phantoms
  4 sky beasts
  2 centaurs
  6 ogres
  A big kobold (D:9)
  7 bullfrogs
  11 scorpions
  A wyvern skeleton (D:6)
  3 wights
  6 howler monkeys
  2 bullfrog zombies
  3 centaur zombies
  3 bullfrog skeletons
  7 jellies
  7 hounds
  10 orc priests
  A gnoll shaman (D:7)
  11 orc wizards
  A centaur skeleton (D:6)
  5 iguanas
  Ijyb (D:5)
  11 worker ants
  2 killer bee zombies
  4 hound skeletons
  13 adders
  5 gnolls (D:7)
  3 shadow imps
  3 white imps
  2 ufetubi
  2 adder skeletons (D:8)
  2 worms
  4 dart slugs (D:1)
  7 leopard geckos
  69 orcs
  4 ball pythons
  6 giant cockroaches
  12 goblins
  3 hobgoblins (D:1)
  3 jackals (D:9)
  2 quokkas
  19 bats
  5 frilled lizards
  2 jackal zombies
  10 kobolds
  2 leopard gecko zombies
  9 rats
383 creatures vanquished.

Vanquished Creatures (collateral kills)
  8 foxfires
8 creatures vanquished.

Vanquished Creatures (others)
  1082 foxfires
  54 fungi
  63 plants
1199 creatures vanquished.

Grand Total: 1590 creatures vanquished

Notes
Turn   | Place    | Note
-------+----------+-------------------------------------------
     0 | D:1      | rogsnak the Barachi Fire Elementalist began the quest for
                  | the Orb.
     0 | D:1      | Reached XP level 1. HP: 13/13 MP: 3/3
   117 | D:1      | Reached XP level 2. HP: 15/19 MP: 0/5
   567 | D:1      | Reached XP level 3. HP: 24/24 MP: 4/6
  1389 | D:2      | Found a sparkling altar of Nemelex Xobeh.
  1503 | D:2      | Found a broken altar of Ashenzari.
  1769 | D:3      | Found a shadowy altar of Dithmenos.
  1791 | D:3      | Reached skill level 2 in Conjurations
  1791 | D:3      | Reached XP level 4. HP: 30/30 MP: 3/8
  1961 | D:3      | Noticed Sigmund
  2032 | D:3      | Found a glowing golden altar of the Shining One.
  2032 | D:3      | Found an ornate altar of the Wu Jian Council.
  2033 | D:3      | Found a shimmering altar of Xom.
  2049 | D:3      | Killed Sigmund
  2049 | D:3      | Reached skill level 3 in Conjurations
  2049 | D:3      | Reached XP level 5. HP: 35/35 MP: 1/10
  2049 | D:3      | Reached XP level 6. HP: 41/41 MP: 1/11
  2151 | D:3      | Reached skill level 4 in Conjurations
  2354 | D:3      | Found a basalt altar of Yredelemnul.
  2766 | D:4      | Noticed a sky beast
  2774 | D:3      | Learned a level 4 spell: Sticky Flame
  2780 | D:3      | Learned a level 5 spell: Fireball
  2787 | D:4      | Killed a sky beast
  3041 | D:4      | Reached skill level 5 in Fire Magic
  3235 | D:4      | Reached XP level 7. HP: 46/46 MP: 6/13
  3335 | D:4      | Reached skill level 5 in Conjurations
  3387 | D:4      | Found a shimmering blue altar of Sif Muna.
  3398 | D:4      | Became a worshipper of Sif Muna the Loreminder
  3662 | D:5      | Entered Level 5 of the Dungeon
  3766 | D:5      | Reached skill level 5 in Spellcasting
  3937 | D:5      | Noticed Ijyb
  4336 | D:5      | Found a glowing silver altar of Zin.
  4383 | D:5      | Killed Ijyb
  4383 | D:5      | Reached XP level 8. HP: 51/53 MP: 10/16
  4430 | D:5      | Reached skill level 6 in Conjurations
  4792 | D:6      | Reached * piety under Sif Muna
  5104 | D:6      | Reached skill level 1 in Fighting
  5569 | D:6      | Reached skill level 7 in Conjurations
  5573 | D:6      | Found a white marble altar of Elyvilon.
  6419 | D:6      | Reached XP level 9. HP: 47/61 MP: 0/18
  6699 | D:6      | Found the +7 Singing Sword {vorpal, sonic wave}
  6936 | D:7      | Reached skill level 8 in Conjurations
  6952 | D:7      | Killed an unseen horror
  7219 | D:7      | Found a staircase to the Ecumenical Temple.
  7395 | D:7      | Found a shimmering altar of Xom.
  7458 | D:7      | Found a hazy altar of Hepliaklqana.
  7676 | D:7      | Reached skill level 9 in Conjurations
  7746 | D:7      | Found a transporter.
  7747 | D:7      | Noticed a cyan ugly thing
  7748 | D:7      | Found a transporter.
  7748 | D:7      | Found a one-way gate to the infinite horrors of the Abyss.
  7748 | D:7      | Noticed Ludicrosity's ghost (novice DEIE)
  7748 | D:7      | Noticed a worldbinder
  7813 | D:7      | Found a stormy altar of Qazlal.
  7871 | D:7      | Found a bloodstained altar of Trog.
  7915 | D:7      | Reached ** piety under Sif Muna
  7924 | D:7      | Reached skill level 1 in Armour
  7995 | D:8      | Found a staircase to the Lair.
  7995 | D:8      | Noticed a komodo dragon
  8384 | D:8      | Reached XP level 10. HP: 67/67 MP: 14/21
  8457 | D:8      | Reached skill level 1 in Long Blades
  8462 | D:8      | Reached skill level 10 in Conjurations
  8793 | D:8      | Reached *** piety under Sif Muna
  9509 | D:9      | Found a radiant altar of Vehumet.
  9664 | D:9      | Noticed Joseph
  9670 | D:9      | Killed Joseph
 10116 | D:9      | Reached XP level 11. HP: 75/75 MP: 16/23
 10120 | D:9      | Reached skill level 11 in Conjurations
 10412 | D:9      | Noticed Erolcha
 10417 | D:9      | Killed Erolcha
 10622 | D:9      | Got a polished spear
 10804 | D:9      | Identified the cursed +1 spear "Keelixo" {flame, rC- Str+3
                  | Dex+9} (You found it on level 9 of the Dungeon)
 10811 | D:9      | Identified a scroll of acquirement
 10812 | D:9      | Acquired the ring of Pyarump {rElec Dex+6}
 10908 | D:10     | Entered Level 10 of the Dungeon
 11135 | D:10     | Reached **** piety under Sif Muna
 11530 | D:10     | Killed an unseen horror
 11820 | D:10     | Got a twisted short sword
 12203 | D:11     | Noticed a green ugly thing
 12457 | D:11     | Identified the +7 short sword of Juro {drain, Str+7 Dex+6}
                  | (You found it on level 10 of the Dungeon)
 12482 | D:11     | Reached skill level 12 in Conjurations
 12612 | D:11     | Found Omaclu's Weapon Shop.
 12622 | D:11     | Found a staircase to the Orcish Mines.
 12623 | D:11     | Noticed an orc knight
 12666 | D:10     | Killed an orc knight
 12666 | D:10     | Reached skill level 5 in Long Blades
 12781 | D:11     | Killed a green ugly thing
 12816 | D:11     | Noticed a cyclops
 12911 | D:11     | Noticed Gastronok
 13033 | D:11     | Killed a cyclops
 13363 | D:11     | Found Plog's Armour Shop.
 13852 | D:11     | Killed Gastronok
 13852 | D:11     | Reached skill level 10 in Spellcasting
 13852 | D:11     | Reached skill level 1 in Evocations
 13852 | D:11     | Reached XP level 12. HP: 83/83 MP: 8/26
 13882 | D:12     | Noticed a two-headed ogre
 13933 | D:12     | Noticed Snorg
 13934 | D:12     | Reached skill level 10 in Fire Magic
 14042 | D:12     | Killed a two-headed ogre
 14217 | D:12     | Noticed a two-headed ogre
 14223 | D:11     | Killed a two-headed ogre
 14353 | D:12     | Reached skill level 13 in Conjurations
 14355 | D:12     | Killed Snorg
 14486 | D:11     | Reached ***** piety under Sif Muna
 14489 | D:11     | Identified Sif Muna's Handbook of the Aerial Entourage (Sif
                  | Muna gifted it to you on level 11 of the Dungeon)
 14489 | D:11     | Received a gift from Sif Muna
 14588 | D:12     | Reached skill level 5 in Fighting
 14782 | D:12     | Reached skill level 5 in Dodging
 14902 | D:12     | Identified the +5 ring mail "Vurek" {Harm rF+ Slay-4} (You
                  | found it on level 12 of the Dungeon)
 15081 | D:12     | You fall into a shaft and drop 3 floors!
 15081 | D:15     | Entered Level 15 of the Dungeon
 15088 | D:15     | Noticed an ogre mage
 15088 | D:15     | Noticed a two-headed ogre
 15088 | D:15     | Noticed a two-headed ogre
 15088 | D:15     | Noticed a two-headed ogre
 15088 | D:15     | Noticed a two-headed ogre
 15088 | D:15     | Noticed a two-headed ogre
 15090 | D:15     | Noticed a two-headed ogre
 15100 | D:14     | Killed a two-headed ogre
 15102 | D:14     | Killed a two-headed ogre
 15106 | D:14     | Gained mutation: You can hop long distances. [Barachi
                  | growth]
 15106 | D:14     | Reached XP level 13. HP: 39/91 MP: 2/27
 15208 | D:14     | Found Cenarauh's Antique Armour Shop.
 15303 | D:14     | Got a translucent golden ring
 15305 | D:14     | Identified the ring "Heqiall" {*Slow rElec EV+4 Int+2} (You
                  | found it on level 14 of the Dungeon)
 15941 | D:14     | Slain by a swamp worm

Illustrated notes

Levels and vault maps discovered:
D:1:      ebering_trefoil_twist, layout_basic, minmay_pentomino_u4
D:2:      layout_rooms, nemelex_altar_shiori, lemuel_crystal_altar
D:3:      layout_basic, overflow_temple_1_default,
          gammafunk_temple_overflow_claw, grunt_dithmenos_smoke_and_mirrors,
          uniq_sigmund
D:4:      layout_gridville, lemuel_doored_altar
D:5:      layout_basic, old_standard_altar, uniq_ijyb
D:6:      old_forge, layout_basic, elyvilon_altar_3
D:7:      layout_cave_pools, kennysheep_little_box, kennysheep_mini,
          minmay_temple_entry_waves, basic_altar,
          gammafunk_ghost_abyssal_escape, trog_butcher_becter
D:8:      layout_loops_ring, due_lair_maze_entry_diamond
D:9:      layout_basic, vehumet_altar_wand_db, uniq_joseph, uniq_erolcha
D:10:     layout_rooms
D:11:     layout_roguey [special_room_orc], orc_david_3,
          minmay_misc_feat_secret_circle, uniq_gastronok
D:12:     layout_cross, uniq_snorg
D:14:     layout_long_grid, lightli_vaults_fourway_checkpoint, serial_shops,
          shop, infiniplex_staircase_pool_1, amethyst_killhole, worms_lemuel,
          uniq_kirke
D:15:     gammafunk_enter_depths_forms, layout_irregular_city,
          chequers_serial_rivers_micro_a, uniq_nessos, uniq_louise

Skill      XL: |  1  2  3  4  5  6  7  8  9 10 11 12 13 |
---------------+----------------------------------------+-----
Fire Magic     | 4 5 6 7 8 9 10 11 | 11.0
Conjurations   | 2 3 4 5 7 9 10 12 13 | 13.9
Stealth        | 2 |  2.0
Spellcasting   | 3 4 5 6 7 8 10 | 10.9
Fighting       | 1 2 3 4 5 |  5.6
Dodging        | 3 4 5 |  5.4
Armour         | 1 2 3 4 |  4.3
Long Blades    | 3 5 6 7 |  7.2
Evocations     | 1 |  1.9
Shields        | |  0.7

Action                   |  1- 3 |  4- 6 |  7- 9 | 10-12 | 13-15 || total
-------------------------+-------+-------+-------+-------+-------++-------
Melee: Whip              |     9 |     8 |       |       |       ||    17
       Flail             |       |       |     4 |       |       ||     4
       Morningstar       |       |       |    34 |       |       ||    34
       Double sword      |       |       |     8 |    82 |    25 ||   115
 Cast: Foxfire           |    82 |    86 |   240 |   273 |    31 ||   712
       Sticky Flame      |       |     1 |    23 |    63 |     8 ||    95
       Fireball          |       |       |       |    44 |     6 ||    50
 Abil: Hop               |     1 |       |     2 |    14 |     1 ||    18
Evoke: Wand              |       |       |       |     9 |     1 ||    10
  Use: Scroll            |       |       |       |    16 |     2 ||    18
 Stab: Sleeping          |       |     1 |       |       |       ||     1
Armor: Robe              |     4 |     2 |    21 |       |       ||    27
       Leather armour    |       |       |     7 |    47 |     9 ||    63
Dodge: Dodged            |    19 |    14 |    82 |   113 |    30 ||   258
Block: Buckler           |       |       |       |    14 |     5 ||    19
       Rpst.: Double sword |       |       |     1 |    35 |     3 ||    39

Table legend: (Time is in decaauts)
 A = Elapsed time spent in this place.
 B = Non-inter-level travel time spent in this place.
 C = Inter-level travel time spent in this place.
 D = Time resting spent in this place.
 E = Time spent auto-exploring this place.
 F = Levels seen in this place.
 G = Mean time per level.
                   A        B        C        D        E       F      G
               +--------+--------+--------+--------+--------+-----+--------+
         Total |  17622 |  16838 |    784 |   5048 |   5025 |  14 | 1258.7 |
       Dungeon |  17622 |  16838 |    784 |   5048 |   5025 |  14 | 1258.7 |
               +--------+--------+--------+--------+--------+-----+--------+

Top non-repeatable levels by time:
     D:6: 2838 daAuts
    D:11: 2206 daAuts
     D:8: 1620 daAuts
     D:9: 1567 daAuts
     D:1: 1402 daAuts
    D:10: 1262 daAuts
     D:4: 1181 daAuts
     D:3: 1145 daAuts
     D:7: 1078 daAuts
     D:5: 974 daAuts
    D:14: 922 daAuts
    D:12: 746 daAuts
     D:2: 665 daAuts
    D:15: 11 daAuts
